 Dungeon Crawl Stone Soup version 0.20-a0-336-g7b05759 (webtiles) character file.

625 Da5id the Changer (level 7, -4/57 HPs)
             Began as a Naga Transmuter on Dec 21, 2016.
             Killed by divine providence
             ... invoked by an orc priest
              (12 damage)
             ... on level 3 of the Dungeon.
             The game lasted 00:11:27 (6557 turns).

Da5id the Changer (Naga Transmuter)                 Turns: 6557, Time: 00:11:28

Health: -4/57      AC:  3    Str: 13    XL:     7   Next: 47%
Magic:  9/10       EV: 10    Int: 17    God:
Gold:   275        SH:  0    Dex: 11    Spells: 6/10 levels left

rFire  . . .     SeeInvis +       - Unarmed
rCold  . . .     Gourm    .     b - +0 robe
rNeg   . . .     Faith    .     (no shield)
rPois  +         Spirit   .     (no helmet)
rElec  .         Reflect  .     (no cloak)
rCorr  .         Harm     .     (no gloves)
MR     .....                    (no barding)
Stlth  +.........               (no amulet)
                                (no ring)
                                (no ring)

@: appendage, very slow
A: horns 2, see invisible, clever 1, deformed body, poison resistance, slowness
2, slow metabolism 1, spit poison 1, AC +2
a: Spit Poison, End Transformation


You were on level 3 of the Dungeon.
You were very hungry.
You had grown temporary horns.
You visited 1 branch of the dungeon, and saw 3 of its levels.

You collected 275 gold pieces.

Inventory:

Missiles
 a - 43 arrows
 n - 6 javelins (quivered)
Armour
 b - a +0 robe (worn)
 h - a +0 ring mail
 m - a +0 leather armour of poison resistance
Scrolls
 e - a scroll of random uselessness {unknown}
 i - a scroll of immolation {unknown}
 j - a scroll of recharging {unknown}
 k - a scroll of remove curse {unknown}
 l - 2 scrolls of teleportation {unknown}
 o - a scroll of identify {unknown}
Potions
 g - a potion of haste
 p - a potion of ambrosia {unknown}
 q - a potion of experience {unknown}
Books
 c - a book of Changes

   Spells                             Type                      Level
   a - Beastly Appendage              Transmutation                1
   b - Sticks to Snakes               Transmutation                2
   c - Spider Form                    Transmutation/Poison         3
   d - Ice Form                       Ice/Transmutation            4
   e - Blade Hands                    Transmutation                5
Comestibles
 d - 2 bread rations
 f - a beef jerky


   Skills:
 - Level 1.0 Fighting
 - Level 1.5 Dodging
 - Level 5.0 Unarmed Combat
 - Level 2.0 Spellcasting
 + Level 7.0 Transmutations


You had 6 spell levels left.
You knew the following spells:

 Your Spells              Type           Power        Failure   Level  Hunger
a - Beastly Appendage     Tmut           ####..       1%          1    #......
b - Spider Form           Tmut/Pois      ##........   14%         3    ###....


Dungeon Overview and Level Annotations

Branches:
Dungeon (3/15)

Altars:
Gozag
Makhleb
Vehumet


Innate Abilities, Weirdness & Mutations

You cannot wear boots.
Your serpentine skin is tough. (AC +2)
You have supernaturally acute eyesight. (SInv)
Armour fits poorly on your strangely shaped body.
Your system is resistant to poisons. (rPois)
You cover ground very slowly.
You have a slow metabolism.
You can spit poison.
You have a pair of horns on your head.
Your mind is acute. (Int +2)


Message History

The orc priest misses you. The orc hits you with a whip.
The orc completely misses you. The orc hits you with a dagger.
The orc priest hits you with a falchion.
* * * LOW HITPOINT WARNING * * *
You see here a dagger.
You kill the orc priest!
Your Transmutations skill increases to level 7!
The orc hits you with a dagger.
* * * LOW HITPOINT WARNING * * *
You hit the orc.
The orc is heavily wounded.
You have got your breath back.
It was a potion of mutation.
You feel extremely strange.
You feel clever.
You feel less energetic.
You feel more energetic. The orc hits you with a dagger.
* * * LOW HITPOINT WARNING * * *
The orc priest invokes the aid of Beogh against you.
Beogh smites you!
You die...

####+#'##.##.# #........
#..........##.#
#........
#..........##.#
#....#.#.
#..........##.#
#....#.#.
#####.........#
##....#.#.
#################.#...##
#.........
#...............#.....#
#.........
...........#...o##....#
#.........
...........#..soo@.>..#
#.........
...........#..#########
#.........
...........#..........#
#.........
....≈......#..........#
#.........
..≈§8§≈....#.o..o.....#
#.#.....#.
.§≈≈.≈≈≈...#...o......#
#.#.....#.
≈≈...§.§≈§.#...o......#
##.#.÷.#.#.
≈.......≈≈.#...o......#
#......#...
≈§§._..§§§.#..........#
#..#.#.###.


You could see an orc priest, 2 orcs and a giant cockroach.

Vanquished Creatures
  Sigmund (D:2)
  A scorpion (D:3)
  2 orc priests (D:3)
  2 orc wizards (D:3)
  3 iron imps (D:3)
  Jessica (D:2)
  Ijyb (D:2)
  5 adders
  An ooze (D:3)
  2 worms
  3 dart slugs
  4 leopard geckos
  9 orcs (D:3)
  3 ball pythons
  3 bats
  7 giant cockroaches
  9 goblins
  11 hobgoblins
  4 jackals (D:3)
  11 kobolds
  A quokka (D:2)
  4 frilled lizards
  14 rats
102 creatures vanquished.

Vanquished Creatures (others)
  A kobold (D:2)
1 creature vanquished.

Grand Total: 103 creatures vanquished

Notes
Turn   | Place    | Note
-------+----------+-------------------------------------------
     0 | D:1      | Da5id the Naga Transmuter began the quest for the Orb.
     0 | D:1      | Reached XP level 1. HP: 18/18 MP: 3/3
    26 | D:1      | Reached XP level 2. HP: 17/25 MP: 3/5
   963 | D:2      | Noticed Sigmund
   979 | D:1      | Reached XP level 3. HP: 22/31 MP: 6/6
  1412 | D:1      | Reached skill level 3 in Transmutations
  1790 | D:2      | Noticed Jessica
  2095 | D:2      | Killed Jessica
  2095 | D:2      | Reached XP level 4. HP: 37/38 MP: 4/7
  2911 | D:2      | Killed Sigmund
  2911 | D:2      | Reached skill level 4 in Transmutations
  2911 | D:2      | Reached XP level 5. HP: 33/44 MP: 6/8
  2911 | D:2      | Reached XP level 6. HP: 39/51 MP: 6/9
  3048 | D:2      | Learned a level 3 spell: Spider Form
  3091 | D:2      | Found an opulent altar of Gozag.
  3203 | D:2      | Noticed Ijyb
  3218 | D:2      | Killed Ijyb
  3218 | D:2      | Reached skill level 5 in Unarmed Combat
  3562 | D:3      | Reached skill level 5 in Transmutations
  3825 | D:3      | Found a radiant altar of Vehumet.
  4863 | D:3      | Reached skill level 6 in Transmutations
  4916 | D:3      | Reached XP level 7. HP: 23/57 MP: 8/10
  5316 | D:3      | Found an opulent altar of Gozag.
  6062 | D:3      | Found a burning altar of Makhleb.
  6555 | D:3      | Reached skill level 7 in Transmutations
  6557 | D:3      | Gained mutation: Your mind is acute. (Int +2) [potion of mutation]
  6557 | D:3      | Gained mutation: Your magical capacity is low. (-10% MP) [potion of mutation]
  6557 | D:3      | Lost mutation: Your magical capacity is low. (-10% MP) [potion of mutation]
  6557 | D:3      | Killed from afar by an orc priest

Vault maps used:
D:1:      minmay_arrival_diagonal_passages
D:2:      nicolae_overflow_hidden_temple, minmay_octomino_j4, uniq_iyjb,
          uniq_jessica, uniq_sigmund
D:3:      demons_altar, lemuel_doored_altar, first_bread,
          nicolae_gozag_seed_capital

Skill      XL: |  1  2  3  4  5  6  7 |
---------------+----------------------+-----
Transmutations | 3 4 6 7 |  7.0
Unarmed Combat | 4 5 |  5.0
Fighting       | |  1.0
Dodging        | |  1.5
Spellcasting   | |  2.0

Action                   |  1- 3 |  4- 6 |  7- 9 || total
-------------------------+-------+-------+-------++-------
Melee: Unarmed           |    93 |   202 |   117 ||   412
       Headbutt          |     7 |    19 |     8 ||    34
       Punch             |       |       |     1 ||     1
 Cast: Beastly Appendage |     7 |    18 |     8 ||    33
 Abil: Spit Poison       |       |       |     3 ||     3
  Use: Potion            |       |     3 |     1 ||     4
 Stab: Invisible         |       |     3 |       ||     3
  Eat: Chunk             |     2 |     6 |     3 ||    11
       Beef jerky        |       |     1 |       ||     1
Armor: Ring mail         |    24 |       |       ||    24
       Leather armour    |       |    35 |       ||    35
       Robe              |       |     4 |    23 ||    27
Dodge: Dodged            |    44 |   108 |    68 ||   220
